 Dungeon Crawl Stone Soup version 0.32-a0-131-g9dbbe29261 (webtiles) character file.

Game seed: 7601480819418875756

3408 hipposaver the Trooper (level 9, -7/79 HPs)
             Began as a Demigod Fighter on Feb 8, 2024.
             Mangled by a warg (16 damage)
             ... on level 9 of the Dungeon.
             The game lasted 00:15:06 (9048 turns).

hipposaver the Trooper (Demigod Fighter)            Turns: 9048, Time: 00:15:06

Health: -7/79      AC: 13    Str: 18    XL:     9   Next: 47%
Magic:  11/11      EV:  9    Int: 14    God:
Gold:   498        SH:  7    Dex: 20    Spells: 8/8 levels left

rFire   + . .        a - +0 war axe
rCold   + . .        c - +1 buckler
rNeg    . . .        b - +0 scale mail
rPois   .            g - +2 helmet
rElec   .            A - +0 cloak
rCorr   .            (no gloves)
SInv    .            d - +0 pair of boots
Will    .....        s - amulet of the acrobat Stlth
                     j - ring of protection from cold
HPRegen 0.33/turn    n - ring of protection from fire
MPRegen 0.12/turn

%: acrobat
@: no status effects
A: high MP 1, forlorn, divine attributes, clever 1, teleportitis 1, weak 1
a: no special abilities


You were on level 9 of the Dungeon.
You visited 1 branch of the dungeon, and saw 9 of its levels.

You collected 498 gold pieces.

Inventory:

Hand Weapons
 a - a +0 war axe (weapon)
Missiles
 r - a throwing net (quivered)
Armour
 b - a +0 scale mail (worn)
 c - a +1 buckler (worn)
 d - a +0 pair of boots (worn)
 g - a +2 helmet (worn)
 A - a +0 cloak (worn)
Jewellery
 j - a ring of protection from cold (left hand)
 n - a ring of protection from fire (right hand)
 s - an amulet of the acrobat (around neck)
 x - a ring of positive energy
Wands
 o - a wand of charming (17)
 v - a wand of quicksilver (2)
Scrolls
 e - a scroll of revelation
 k - a scroll of amnesia
 m - 3 scrolls of teleportation
 q - 3 scrolls of identify
 u - a scroll of vulnerability
 w - a scroll of poison
 y - a scroll of immolation
 z - a scroll of torment
 B - 2 scrolls of fear
Potions
 h - 2 potions of enlightenment
 i - 2 potions of magic
 p - 2 potions of lignification
 t - 2 potions of invisibility
 C - a potion of attraction


   Skills:
 + Level 7.1 Fighting
 + Level 6.8 Axes
 + Level 7.1 Armour
 - Level 6.2 Shields


You had 8 spell levels left.
You didn't know any spells.
Your spell library contained the following spells:

 Spells                   Type           Power      Damage    Failure   Level
 Foxfire                  Conj/Fire      0%         2x1d4     69%         1
 Summon Small Mammal      Summ           0%         N/A       69%         1
 Call Canine Familiar     Summ           0%         N/A       96%         3
 Ozocubu's Armour         Ice            0%         N/A       96%         3
 Stone Arrow              Conj/Erth      0%         3d7       96%         3
 Animate Armour           Summ/Erth      0%         N/A       100%        4
 Brom's Barrelling Bould  Conj/Erth      0%         2d3       100%        4
 Summon Blazeheart Golem  Fire/Summ      0%         N/A       100%        4
 Fireball                 Conj/Fire      0%         3d3       100%        5
 Iskenderun's Battlesphe  Conj           0%         2d6       100%        5
 Metabolic Englaciation   Hex/Ice        0%         N/A       100%        5
 Conjure Ball Lightning   Conj/Air       0%         3x3d6     100%        6
 Plasma Beam              Fire/Air       0%         2x1d10    100%        6
 Sculpt Simulacrum        Ice/Alch       0%         N/A       100%        6
 Starburst                Conj/Fire      0%         6d3       100%        6
 Orb of Destruction       Conj           0%         9d5       100%        7
 Lehudib's Crystal Spear  Conj/Erth      0%         10d2      100%        8


Dungeon Overview and Level Annotations

Branches:
Dungeon (9/15)             Temple (0/1) D:7
   Lair: D:8-11         Orc: D:9-12

Shops:
D:3 (   D:5 [*=

Annotations:
D:5 Ijyb


Innate Abilities, Weirdness & Mutations

You have an increased reservoir of magic. (+10% MP)
You shall have no god before yourself.
Your divine heritage dramatically boosts your attributes as you level up.
Your mind is acute. (Int +4, Str/Dex -1)
You are occasionally teleported next to monsters.
You are weak. (Str -2)


Message History

The warg attacks as it pursues you! The warg closely misses you. x2
Things that are here:
a +0 falchion; an orc corpse The warg attacks as it pursues you!
The warg closely misses you. The warg attacks as it pursues you!
The warg bites you but does no damage. The warg bites you!!
The warg attacks as it pursues you! You block the warg's attack.
The warg misses you. The warg attacks as it pursues you!
The warg completely misses you. The warg misses you.
The warg attacks as it pursues you! The warg completely misses you.
The warg bites you. The warg completely misses you.
The warg attacks as it pursues you! The warg completely misses you.
The warg attacks as it pursues you! The warg barely misses you.
The warg closely misses you. The warg attacks as it pursues you!
The warg completely misses you. x2
The warg closely misses you.
You slash the warg!
The warg is moderately wounded.
The warg bites you!
You barely miss the warg.
The warg is moderately wounded.
The warg bites you. You block the warg's attack.
You miss the warg.
The warg is moderately wounded.
The warg stops to sniff the ground.
The warg bites you. You block the warg's attack.
You barely miss the warg.
The warg is moderately wounded.
The warg bites you! x2
* * * LOW HITPOINT WARNING * * *
You miss the warg.
The warg is moderately wounded.
The warg bites you but does no damage.
You hit the warg.
The warg is moderately wounded.
The warg pauses to sniff the ground.
The warg bites you!
You die...

## .# .###
.#.###############
..#..............#
....##.##.######.#
.......##.# #@#
....#####.# #h#
##........# #T##
########### #oo# #
##o# # #{# #
##.###########
#....ooT.o..{#
#.##########)#


You could see a troll, a warg and 3 orcs.

Vanquished Creatures
  Grinder (D:3)
  6 yaks
  A steam dragon (D:8)
  Edmund (D:5)
  A water moccasin (D:6)
  An ice beast (D:6)
  A sky beast (D:6)
  2 black bears (D:8)
  2 ogres
  A centaur (D:8)
  A phantom (D:4)
  4 bullfrogs
  A gnoll sergeant (D:8)
  A scorpion (D:5)
  3 killer bees (D:8)
  3 howler monkeys (D:8)
  3 hounds
  2 orc priests
  A bombardier beetle (D:5)
  A jelly (D:7)
  2 iguanas
  Natasha (thrice) (D:3)
  An orc wizard (D:4)
  8 gnolls
  11 adders
  2 shadow imps (D:6)
  2 white imps
  2 ribbon worms (D:3)
  3 dart slugs
  12 orcs
  7 ball pythons
  A bat (D:2)
  5 endoplasms
  4 giant cockroaches
  15 goblins
  8 hobgoblins
  7 jackals
  6 quokkas
  3 frilled lizards
  6 kobolds
  4 rats
149 creatures vanquished.

Notes
Turn   | Place    | Note
-------+----------+-------------------------------------------
     0 | D:1      | hipposaver the Demigod Fighter began the quest for the Orb.
     0 | D:1      | Reached XP level 1. HP: 18/18 MP: 3/3
   101 | D:1      | Reached XP level 2. HP: 25/25 MP: 4/4
   539 | D:1      | Gained mutation: Your movements are slightly less
                  | encumbered by armour. (ER -2) [potion of mutation]
   539 | D:1      | Gained mutation: You are weak. (Str -2) [potion of
                  | mutation]
   539 | D:1      | Gained mutation: You have large cloven feet. [potion of
                  | mutation]
   539 | D:1      | Gained mutation: You are covered in fur. (AC +1) [potion of
                  | mutation]
   540 | D:1      | Lost mutation: You have large cloven feet. [potion of
                  | mutation]
   540 | D:1      | Lost mutation: Your movements are slightly less encumbered
                  | by armour. (ER -2) [potion of mutation]
   540 | D:1      | Lost mutation: You are covered in fur. (AC +1) [potion of
                  | mutation]
   540 | D:1      | Gained mutation: You are occasionally teleported next to
                  | monsters. [potion of mutation]
   540 | D:1      | Gained mutation: Your mind is acute. (Int +4, Str/Dex -1)
                  | [potion of mutation]
   624 | D:2      | Reached XP level 3. HP: 29/31 MP: 5/5
  1442 | D:3      | Noticed Grinder
  1456 | D:3      | Killed Grinder
  1457 | D:3      | Reached XP level 4. HP: 30/40 MP: 6/6
  1457 | D:3      | Reached XP level 5. HP: 34/46 MP: 7/7
  1620 | D:3      | Found Icwiu's Weapon Shop.
  1704 | D:3      | Noticed Natasha
  1711 | D:3      | Killed Natasha
  1848 | D:3      | Noticed Natasha
  1853 | D:3      | Killed Natasha
  1854 | D:3      | Reached XP level 6. HP: 49/52 MP: 8/8
  1902 | D:3      | Noticed Natasha
  1912 | D:3      | Killed Natasha
  3535 | D:5      | Entered Level 5 of the Dungeon
  3535 | D:5      | Found Ellatalar's Jewellery Boutique.
  3535 | D:5      | Found Meygoymuer's Assorted Antiques.
  3535 | D:5      | Found Micsicoi's Antique Armour Boutique.
  3542 | D:5      | Reached XP level 7. HP: 44/60 MP: 9/9
  3542 | D:5      | Noticed Ijyb
  4446 | D:5      | Noticed Edmund
  4462 | D:5      | Killed Edmund
  4907 | D:6      | Reached skill level 5 in Fighting
  4907 | D:6      | Reached skill level 5 in Armour
  4907 | D:6      | Reached skill level 5 in Shields
  5200 | D:6      | Reached XP level 8. HP: 15/68 MP: 10/10
  5619 | D:6      | Reached skill level 5 in Axes
  6874 | D:7      | Found a staircase to the Ecumenical Temple.
  7855 | D:8      | Reached XP level 9. HP: 75/75 MP: 11/11
  9048 | D:9      | Mangled by a warg

Illustrated notes

Levels and vault maps discovered:
D:1:      erik_arrival_blinker_ship, layout_rooms
D:2:      layout_loops_ring, amcnicky_mini_corridor_feature,
          guppyfry_early_orc_mine
D:3:      layout_loops_corners, serial_aquarium, aquarium_bridge_square
          [aquarium_subvault_wall, aquarium_subvault_window,
          aquarium_subvault_bridge, aquarium_subvault_window],
          aquarium_bridge_square [aquarium_subvault_wall,
          aquarium_subvault_window, aquarium_subvault_wall,
          aquarium_subvault_bridge], aquarium_window_corridor_2,
          aquarium_window_1, aquarium_view_2a, aquarium_balcony_1b,
          serial_shops, nicolae_shop_stone, uniq_natasha, uniq_grinder
D:4:      layout_basic, nicolae_overflow_hidden_temple, minmay_misc_feat_roman,
          hangedman_abyss_or_decor_passed, minivault_24
D:5:      layout_loops_ring, grunt_ministairs_15,
          nicolae_shop_distant_corner_stores, uniq_edmund, uniq_ijyb
D:6:      layout_basic
D:7:      layout_basic, lemuel_temple_firewalk_b
D:8:      layout_loops_corners
D:9:      layout_loops_cross, minitemple, due_lair_maze_entry_diamond,
          erik_orc_3, solitary_fountain, uniq_pikel

Skill      XL: |  1  2  3  4  5  6  7  8  9 |
---------------+----------------------------+-----
Axes           | 2 3 4 5 6 |  6.8
Armour         | 3 4 5 6 7 |  7.1
Shields        | 3 4 5 6 |  6.2
Fighting       | 3 4 5 6 7 |  7.1

Action                     |  1- 3 |  4- 6 |  7- 9 || total
---------------------------+-------+-------+-------++-------
  Melee: War axe           |   138 |   138 |   385 ||   661
  Evoke: Wand              |       |       |     1 ||     1
    Use: Scroll            |     9 |     7 |     7 ||    23
         Potion            |     3 |       |     6 ||     9
 Armour: Scale mail        |   103 |    97 |   336 ||   536
  Dodge: Dodged            |    73 |    60 |   198 ||   331
  Block: Buckler           |    28 |    33 |   150 ||   211

Table legend: (Time is in decaauts)
 A = Elapsed time spent in this place.
 B = Non-inter-level travel time spent in this place.
 C = Inter-level travel time spent in this place.
 D = Time resting spent in this place.
 E = Time spent auto-exploring this place.
 F = Levels seen in this place.
 G = Mean time per level.
                   A        B        C        D        E       F      G
               +--------+--------+--------+--------+--------+-----+--------+
         Total |   9267 |   9041 |    226 |   1323 |   6034 |   9 | 1029.7 |
       Dungeon |   9267 |   9041 |    226 |   1323 |   6034 |   9 | 1029.7 |
               +--------+--------+--------+--------+--------+-----+--------+

Top non-repeatable levels by time:
     D:8: 1966 daAuts
     D:4: 1378 daAuts
     D:3: 1185 daAuts
     D:7: 1178 daAuts
     D:5: 1133 daAuts
     D:6: 1006 daAuts
     D:2: 715 daAuts
     D:1: 589 daAuts
     D:9: 114 daAuts
